 Dungeon Crawl Stone Soup version 0.19-a0-305-g4c536b9 (webtiles) character file.

5184 shmeve the Fighter (level 10, 0/93 HPs)
             Began as a Minotaur Fighter on May 28, 2016.
             Was a Believer of Okawaru.
             Slain by a warg (15 damage)
             ... on level 9 of the Dungeon.
             The game lasted 00:17:04 (7324 turns).

shmeve the Fighter (Minotaur Fighter)               Turns: 7324, Time: 00:17:05

Health: 0/93       AC: 12    Str: 24    XL:     10   Next: 34%
Magic:  8/10       EV: 12    Int:  5    God:    Okawaru [**....]
Gold:   324        SH: 14    Dex: 10    Spells: 0 memorised, 9 levels left

rFire  . . .     SeeInvis +     z - +1 war axe (chop)
rCold  . . .     Gourm    .     m - +0 chain mail
rNeg   . . .     Faith    .     c - +0 shield
rPois  .         Spirit   .     (helmet restricted)
rElec  .         Dismiss  .     (no cloak)
rCorr  .         Reflect  .     (no gloves)
SustAt .         Harm     .     (no boots)
MR     .....                    (no amulet)
Stlth  ..........               a - ring of see invisible
                                B - ring of loudness (curse)

@: heroism, not resistant to hostile enchantments, extremely unstealthy
A: retaliatory headbutt, horns 2
a: Heroism, Renounce Religion


You were on level 9 of the Dungeon.
You worshipped Okawaru.
Okawaru was pleased with you.
You were not hungry.

You visited 2 branches of the dungeon, and saw 10 of its levels.

You collected 445 gold pieces.
You paid 121 gold pieces to Gozag.

Inventory:

Hand Weapons
 z - a +1 war axe of chopping (weapon)
Armour
 c - a +0 shield (worn)
 m - a +0 chain mail (worn)
Jewellery
 a - a ring of see invisible (right hand)
 B - a cursed ring of loudness (left hand)
Wands
 v - a wand of lightning (2/15)
 w - a wand of slowing (25/48)
Scrolls
 d - a scroll of remove curse {unknown}
 e - 2 scrolls of fear {unknown}
 g - a scroll of recharging {unknown}
 h - 5 scrolls of identify {unknown}
 i - 2 scrolls of amnesia {unknown}
 n - 3 scrolls of noise {unknown}
 o - 2 scrolls of enchant armour {unknown}
 p - 2 scrolls of magic mapping {unknown}
 q - 3 scrolls of immolation {unknown}
 y - 2 scrolls of enchant weapon {unknown}
 A - 5 scrolls of teleportation {unknown}
 H - a scroll of blinking {unknown}
 N - a scroll of random uselessness {unknown}
Potions
 b - a potion of flight {unknown}
 j - 2 potions of curing {unknown}
 l - 2 potions of lignification {unknown}
 r - a potion of degeneration {unknown}
 s - 2 potions of heal wounds {unknown}
 t - a potion of beneficial mutation {unknown}
 u - a potion of resistance {unknown}
 C - 2 potions of brilliance {unknown}
 E - a potion of invisibility {unknown}
 F - a potion of haste {unknown}
 I - a potion of cancellation {unknown}
 J - 2 potions of agility {unknown}
 L - a potion of might
 M - 2 potions of mutation {unknown}
Books
 D - a book of Frost

   Spells                             Type                      Level
   a - Freeze                         Ice                          1
   b - Throw Frost                    Conjuration/Ice              2
   c - Ozocubu's Armour               Charms/Ice                   3
   d - Throw Icicle                   Conjuration/Ice              4
   e - Summon Ice Beast               Ice/Summoning                4
 G - a book of Air

   Spells                             Type                      Level
   a - Shock                          Conjuration/Air              1
   b - Swiftness                      Charms/Air                   2
   c - Repel Missiles                 Charms/Air                   2
   d - Static Discharge               Conjuration/Air              3
   e - Lightning Bolt                 Conjuration/Air              5
Comestibles
 f - 11 bread rations
 k - 2 beef jerkies
 x - 3 slices of pizza
 K - 4 royal jellies
 O - 2 fruits
 P - 12 chunks of flesh


   Skills:
 * Level 10.1(15.1) Fighting
 * Level 9.4(14.4) Axes
 + Level 7.3(12.3) Armour
 + Level 5.5(10.5) Dodging
 * Level 9.4(14.4) Shields
 + Level 2.6 Invocations


You had 9 spell levels left.
You didn't know any spells.

Dungeon Overview and Level Annotations

Branches:
Dungeon (9/15)             Temple (1/1) D:7             Orc (0/2) D:9
   Lair: D:8-11

Altars:
Ashenzari
Cheibriados
Dithmenos
Elyvilon
Fedhas
Gozag
Hepliaklqana
Kikubaaqudgha
Makhleb
Nemelex Xobeh
Okawaru
Pakellas
Qazlal
Ru
Sif Muna
Trog
Ukayaw
Vehumet
Xom
Yredelemnul
Zin
The Shining One

Shops:
D:6 (


Innate Abilities, Weirdness & Mutations

You reflexively headbutt those who attack you in melee.
You have a pair of horns on your head.


Message History

You hit the warg.
The warg is heavily wounded.
You block the warg's attack. The warg closely misses you. The warg bites you.
You block the warg's attack.
You gain the combat prowess of a mighty hero.
You block the warg's attack. The warg misses you. The warg bites you.
Unknown command.
You closely miss the warg. Your headbutt misses the warg.
The warg is heavily wounded.
You hit the warg.
The warg is severely wounded.
The warg barely misses you. The warg completely misses you. The warg bites you!
* * * LOW HITPOINT WARNING * * *
You barely miss the warg.
The warg is heavily wounded.
You slash the warg!
The warg is almost dead.
The warg completely misses you. You furiously retaliate!
You headbutt the warg! The warg bites you!
You die...

## ... ..# ..>. ...###
....####+### .......
...........######.......
.....h..................
......h........>........
.....Jh@..).............
..........†.............
.########'###+#........#
..... #........# #####..
#.######.# ..##.# .#..#
.#..# #..#


You could see 3 wargs and a jelly (berserk).

Vanquished Creatures
  An unseen horror (D:9)
  The ghost of Skyzer the Ducker, a novice DrBe of Trog (D:6)
  A troll (D:6)
  A two-headed ogre (D:8)
  3 yaks (D:9)
  A hungry ghost (D:9)
  An orc warrior (D:8)
  2 black bears
  A phantom (D:9)
  2 ice beasts
  4 sky beasts
  A wasp (D:9)
  3 ogres
  A centaur (D:8)
  3 giant frogs
  A water moccasin zombie (D:8)
  4 scorpions
  5 wights (D:8)
  4 spriggan skeletons (D:9)
  An electric eel (D:8)
  2 howler monkeys (D:9)
  3 crimson imps
  A giant frog zombie (D:8)
  2 hounds
  An iron imp (D:7)
  A jelly (D:3)
  4 orc wizards
  7 orc priests
  2 giant frog skeletons
  2 iguanas
  3 centaur skeletons
  5 worker ants
  A hound skeleton (D:9)
  A worker ant zombie (D:5)
  4 gnolls (D:4)
  8 adders
  A shadow imp (D:5)
  2 oozes (D:3)
  An adder zombie (D:6)
  2 adder skeletons
  3 worms
  3 dart slugs
  3 giant geckos
  33 orcs
  7 bats
  4 giant cockroaches
  4 goblins
  10 hobgoblins
  17 jackals
  4 quokkas
  2 ball pythons
  A ball python zombie (D:1)
  A giant gecko skeleton (D:4)
  4 giant newts
  7 kobolds
  A quokka skeleton (D:4)
  A quokka zombie (D:1)
  5 rats
204 creatures vanquished.

Vanquished Creatures (others)
  A quokka (D:2)
1 creature vanquished.

Grand Total: 205 creatures vanquished

Notes
Turn   | Place    | Note
--------------------------------------------------------------
     0 | D:1      | shmeve the Minotaur Fighter began the quest for the Orb.
     0 | D:1      | Reached XP level 1. HP: 19/19 MP: 0/0
   242 | D:1      | Reached XP level 2. HP: 21/27 MP: 1/1
   489 | D:1      | Reached skill level 4 in Fighting
   824 | D:2      | Reached XP level 3. HP: 17/33 MP: 2/2
  1106 | D:2      | Reached skill level 1 in Dodging
  1326 | D:2      | Found a sacrificial altar of Ru.
  1326 | D:2      | Found a radiant altar of Vehumet.
  1470 | D:2      | Found a basalt altar of Yredelemnul.
  1480 | D:2      | Found a sparkling altar of Nemelex Xobeh.
  1623 | D:2      | Found a white marble altar of Elyvilon.
  1911 | D:2      | Reached XP level 4. HP: 39/41 MP: 3/3
  2014 | D:3      | Reached XP level 5. HP: 44/47 MP: 4/4
  2057 | D:3      | Reached skill level 5 in Fighting
  2087 | D:3      | Found a hazy altar of Hepliaklqana.
  2549 | D:4      | Reached XP level 6. HP: 56/56 MP: 5/5
  2623 | D:4      | Reached skill level 5 in Shields
  2639 | D:4      | Found an opulent altar of Gozag.
  2714 | D:4      | Reached skill level 6 in Fighting
  2860 | D:4      | Found a shimmering altar of Xom.
  3014 | D:4      | Found an oddly glowing altar of Pakellas.
  3097 | D:4      | Reached skill level 5 in Axes
  3097 | D:4      | Reached XP level 7. HP: 63/63 MP: 6/6
  3195 | D:5      | Entered Level 5 of the Dungeon
  3542 | D:5      | Found a glowing silver altar of Zin.
  3684 | D:5      | Reached skill level 5 in Armour
  3762 | D:5      | Found a bloodstained altar of Trog.
  3901 | D:6      | Noticed Skyzer's ghost (novice DrBe)
  3918 | D:6      | Killed Skyzer's ghost
  3918 | D:6      | Reached skill level 7 in Fighting
  3918 | D:6      | Reached XP level 8. HP: 25/73 MP: 7/7
  4186 | D:6      | Noticed a troll
  4199 | D:6      | Killed a troll
  4265 | D:6      | Reached skill level 8 in Fighting
  4527 | D:6      | Found Vuqugrei's Antique Weapon Shop.
  4594 | D:6      | Found a shattered altar of Ashenzari.
  4630 | D:6      | Found an ancient bone altar of Kikubaaqudgha.
  4630 | D:6      | Found a blossoming altar of Fedhas.
  4748 | D:7      | Reached XP level 9. HP: 35/82 MP: 8/8
  5015 | D:7      | Found a staircase to the Ecumenical Temple.
  5058 | D:7      | Found a snail-covered altar of Cheibriados.
  5103 | Temple   | Entered the Ecumenical Temple
  5344 | Temple   | Became a worshipper of Gozag Ym Sagoz the Greedy
  5421 | D:7      | Found an iron altar of Okawaru.
  5437 | D:7      | Fell from the grace of Gozag
  5437 | D:7      | Became a worshipper of Warmaster Okawaru
  5741 | D:7      | Got a translucent hunting sling
  5742 | D:7      | Identified the +4 hunting sling "Qolenybi" {freeze, +Blink} (You found it on level 7 of the Dungeon)
  5982 | D:8      | Reached skill level 1 in Invocations
  6210 | D:8      | Reached skill level 9 in Fighting
  6218 | D:8      | Reached * piety under Okawaru
  6241 | D:8      | Found a hide-covered altar to Ukayaw.
  6322 | D:8      | Reached skill level 5 in Dodging
  6890 | D:9      | Reached XP level 10. HP: 64/92 MP: 8/10
  6891 | D:9      | Reached ** piety under Okawaru
  7098 | D:9      | Noticed an unseen horror
  7151 | D:9      | Killed an unseen horror
  7151 | D:9      | Reached skill level 10 in Fighting
  7315 | D:9      | Found a staircase to the Orcish Mines.
  7324 | D:9      | Slain by a warg

Vault maps used:
D:1:      saegor_arrival_fortress
D:2:      nemelex_deck, overflow_temple_1_default, elyvilon_altar_4,
          gammafunk_temple_overflow_pools, first_bread
D:3:      lemuel_doored_altar, grunt_ministairs_11, lexackson_kobold_supper
D:4:      xom_butterflies, grunt_pakellas_mercury, grunt_gozag_breadcrumbs
D:5:      bloody_trog, zin_academy, lightli_corner_chamber
D:6:      grunt_temple_overflow_growth_and_decay, serial_shops,
          nicolae_shop_temple_entry_statues_fountains,
          cheibrodos_ashenzari_chains
D:7:      okawaru_ov_weapons_minmay, slow_altar_1, minmay_temple_entry_junction
D:8:      marbit_many_paths, minmay_crystal_water
D:9:      nicolae_overflow_crystal_walls, minmay_orc_entry_guard_dogs,
          hangedman_tell_no_tales
Temple:   hc_temple_tempest_star_small

Skill      XL: |  1  2  3  4  5  6  7  8  9 10 |
---------------+-------------------------------+-----
Fighting       | 4 5 6 7 8 9 10 | 10.1
Axes           | 3 4 5 6 7 8 9 |  9.4
Dodging        | 1 2 3 4 5 |  5.5
Shields        | 4 5 6 7 8 9 |  9.4
Armour         | 4 5 6 7 |  7.3
Invocations    | 2 |  2.6

Action                   |  1- 3 |  4- 6 |  7- 9 | 10-12 || total
-------------------------+-------+-------+-------+-------++-------
Melee: War axe           |   108 |   137 |   249 |    84 ||   578
       Headbutt          |    17 |    17 |    56 |    15 ||   105
Invok: Heroism           |       |       |     1 |     1 ||     2
       Potion Petition   |       |       |     1 |       ||     1
Evoke: Wand              |       |     1 |       |       ||     1
  Use: Potion            |       |       |     1 |       ||     1
  Eat: Chunk             |     3 |     4 |     7 |     3 ||    17
       Meat ration       |       |       |     1 |       ||     1
       Fruit             |       |       |       |     1 ||     1
Armor: Scale mail        |    58 |       |       |       ||    58
       Chain mail        |     5 |    68 |    82 |    22 ||   177
Dodge: Dodged            |    37 |    50 |    82 |    28 ||   197
Block: Shield            |    78 |    84 |   145 |    50 ||   357
